AoeStats
← Bro Creation

MegaRandom

510762012Analyzed
4v4 RM · 14h ago on Oct 2, 2026· 23m 23s· 8 players
Game mode
Random Map
Map size
Large (8 player)
Population
200
Speed
Normal
Resources
Standard
Victory
Conquest
Starting age
Dark Age
Ending age
Imperial Age
RankedLock teamsTeams togetherTeam positionsShared explorationLock speedFull tech treeHidden civsTurbo modeCheats
Victory
Defeat
🇵🇰 Varangians · Pakistan
1689
+7
🇵🇰 Mongols · Pakistan
1576
+10
🇩🇪 Britons · Germany
1393
+17
🇰🇷 Franks · South Korea
1270
+22
🇨🇴 Dravidians · Colombia
1469
-15
🇺🇸 Spanish · United States
1466
-15
🇨🇱 Persians · Chile
1439
-14
🇹🇷 Ethiopians · Türkiye
1395
-12
Vedette87
11:34 Feudal Age
15:11 Castle Age
13:36 Double-Bit Axe
14:08 Stone Mining
14:22 Loom
14:34 Gold Mining
16:07 Padded Archer Armor
16:10 Fishing Lines
19:17 Town Watch
22:24 Husbandry
22:55 Horse Collar
Ramiz Dayı
9:10 Loom
11:40 Feudal Age
17:41 Castle Age
17:13 Fletching
19:33 Double-Bit Axe
21:15 Crossbowman
22:59 Horse Collar
Tacris09
8:57 Loom
11:39 Feudal Age
16:00 Double-Bit Axe
20:27 Fletching
23:47 Castle Age
LE FURET
10:49 Feudal Age
11:46 Double-Bit Axe
15:38 Fishing Lines
18:43 Castle Age
17:04 Gold Mining
19:42 Scale Barding Armor
19:58 Loom
21:43 Forging
Haider_435
6:09 Loom
8:42 Feudal Age
12:14 Fletching
18:59 Padded Archer Armor
18:52 Double-Bit Axe
19:06 Horse Collar
23:20 Castle Age
23:08 Gold Mining
PAWA
5:13 Loom
9:16 Feudal Age
11:42 Scale Barding Armor
16:16 Double-Bit Axe
18:17 Forging
19:15 Wheelbarrow
22:41 Castle Age
23:26 Husbandry
23:48 Chain Barding Armor
24:03 Iron Casting
Bro Creation
9:50 Feudal Age
9:40 Loom
10:24 Double-Bit Axe
12:46 Bloodlines
12:40 Fishing Lines
14:27 Scale Barding Armor
19:13 Castle Age
17:50 Forging
19:15 Light Cavalry
19:57 Husbandry
20:17 Chain Barding Armor
20:33 Iron Casting
21:22 Iron Casting
Decade
7:26 Loom
9:45 Feudal Age
10:23 Double-Bit Axe
15:54 Fletching
16:23 Horse Collar
16:32 Horse Collar
17:15 Stone Mining
23:05 Castle Age
21:34 Fishing Lines
23:31 Bloodlines
23:23 Padded Archer Armor
Connection lost

Rejoining the realm…

Still unreachable

The connection could not be restored.

Session expired

The server has moved on; the page needs a fresh start.